 Dungeon Crawl Stone Soup version 0.23-a0-650-ga4d50d4 (console) character file.

46 Duffy the Conjurer (level 3, -1/24 HPs)
             Began as a Demonspawn Fire Elementalist on Jan 6, 2019.
             Killed from afar by an orc wizard (10 damage)
             ... with a puff of flame
             ... on level 3 of the Dungeon.
             The game lasted 00:02:14 (2180 turns).

Duffy the Conjurer (Demonspawn Fire Elementalist)   Turns: 2180, Time: 00:02:15

Health: -1/24      AC:  2    Str:  8    XL:     3   Next: 44%
Magic:  6/6        EV: 12    Int: 17    God:
Gold:   103        SH:  0    Dex: 13    Spells: 2/6 levels left

rFire    . . .     SeeInvis .   d - +0 short sword
rCold    . . .     Gourm    .   (no shield)
rNeg     . . .     Faith    .   a - +0 robe
rPois    .         Spirit   .   (helmet restricted)
rElec    .         Reflect  .   (no cloak)
rCorr    .         Harm     .   (no gloves)
MR       .....                  (no boots)
Stlth    ++........             (no amulet)
HPRegen  0.08/turn              (no ring)
MPRegen  0.10/turn              (no ring)

@: confused
A: antennae 1, nightstalker 1
a: no special abilities


You were on level 3 of the Dungeon.
You were hungry.

You visited 1 branch of the dungeon, and saw 3 of its levels.

You collected 103 gold pieces.

Inventory:

Hand Weapons
 d - a +0 short sword (weapon)
Missiles
 g - 9 tomahawks (quivered)
Armour
 a - a +0 robe (worn)
Scrolls
 b - 2 scrolls of identify {unknown}
 e - a scroll of amnesia {unknown}
 f - a scroll of teleportation {unknown}
 h - a scroll of immolation {unknown}
Comestibles
 c - 3 rations
 i - 3 chunks of flesh


   Skills:
 - Level 1.7 Dodging
 - Level 1.7 Stealth
 + Level 2.2 Spellcasting
 + Level 3.0 Conjurations
 + Level 2.9 Fire Magic


You had 2 spell levels left.
You knew the following spells:

 Your Spells              Type           Power        Failure   Level  Hunger
h - Flame Tongue          Conj/Fire      ##...        5%          1    #......
l - Conjure Flame         Conj/Fire      ##......     17%         3    ###....

Your spell library contained the following spells:

 Spells                   Type           Power        Failure   Level  Hunger
 Throw Flame              Conj/Fire      ##....       9%          2    ###....
 Inner Flame              Hex/Fire       #.......     30%         3    ###....
 Sticky Flame             Conj/Fire      ##......     50%         4    #####..
 Fireball                 Conj/Fire      ##........   83%         5    ######.


Dungeon Overview and Level Annotations

Branches:
Dungeon (3/15)

Altars:
Okawaru
Uskayaw

Annotations:
D:2 exclusion: gnoll


Innate Abilities, Weirdness & Mutations

You have a pair of small antennae on your head.
You are slightly more attuned to the shadows.


Message History

The orc wizard is lightly wounded.
The orc wizard casts a spell at you.
You are confused.
You're too confused to cast spells.
You aren't carrying any potions.
Unknown command.
The orc wizard casts a spell at you. The magic dart hits you!
You are feeling hungry.
The orc wizard casts a spell at you.
You are more confused.
The orc wizard casts a spell at you. The puff of flame hits you!
You aren't carrying any potions.
The orc wizard barely misses you.
The orc wizard hits you with a +0 dagger.
The orc wizard hits you with a +0 dagger.
The orc wizard gestures at you while chanting.
The puff of flame hits you!
You die...

..........[...<....#
..........##########
..........# ..........##
...>.......####
######..##....####### ####
#..####........###
.....##.####..######...#
#.......o@#####.#...#
####).....#7..#8##..#
#####.%(#####8..#.7#..# .
#.....(....#.PP.#P.#..# #.
###..........#}......#..#
#.##............#.PP.#.P##.##
#...............##8.8#.P.#..#
#..#.7.7.#......##.7.#...##.#
#..............######......#


You could see an orc wizard.

Vanquished Creatures
  An adder (D:3)
  2 dart slugs
  2 orcs (D:3)
  5 giant cockroaches
  2 goblins
  A hobgoblin (D:1)
  3 jackals (D:2)
  A quokka (D:2)
  4 bats (D:1)
  2 frilled lizards (D:1)
  3 kobolds (D:1)
  3 rats
29 creatures vanquished.

Notes
Turn   | Place    | Note
-------+----------+-------------------------------------------
     0 | D:1      | Duffy the Demonspawn Fire Elementalist began the quest for
                  | the Orb.
     0 | D:1      | Reached XP level 1. HP: 13/13 MP: 3/3
   229 | D:1      | Gained mutation: You are slightly more attuned to the
                  | shadows. [demonic ancestry]
   229 | D:1      | Reached XP level 2. HP: 19/19 MP: 1/5
   585 | D:1      | Reached skill level 2 in Conjurations
  1313 | D:2      | Found a hide-covered altar of Uskayaw.
  1704 | D:2      | Gained mutation: You have a pair of small antennae on your
                  | head. [demonic ancestry]
  1704 | D:2      | Reached XP level 3. HP: 24/24 MP: 4/6
  1709 | D:2      | Learned a level 3 spell: Conjure Flame
  1953 | D:3      | Found an iron altar of Okawaru.
  2061 | D:3      | Reached skill level 3 in Conjurations
  2139 | D:3      | Found a faded altar of an unknown god.
  2180 | D:3      | Killed from afar by an orc wizard

Vault maps used:
D:1:      dpeg_arrival_fog, amethyst_killhole
D:2:      lemuel_crystal_altar, chequers_garden, minmay_tetromino_s4
D:3:      grunt_temple_overflow_order_and_chaos_1, demons_altar,
          lemuel_round_altar, chequers_ecumenical_altar_lobes,
          grunt_ministairs_7, okawaru_trees_1

Skill      XL: |  1  2  3 |
---------------+----------+-----
Conjurations   | 2 3 |  3.0
Dodging        | |  1.7
Stealth        | |  1.7
Spellcasting   | |  2.2
Fire Magic     | |  2.9

Action                   || total
-------------------------++-------
Melee: Short sword       ||    13
Throw: Tomahawk          ||     9
 Cast: Flame Tongue      ||    52
  Eat: Chunk             ||     4
Armor: Robe              ||     5
Dodge: Dodged            ||    20

Table legend:
 A = Non-vault XP
 B = Vault XP
 C = Vault XP percentage of total XP
 D = Non-vault monster count
 E = Vault monster count
 F = Vault count percentage of total count
                 A         B        C        D         E       F
            +---------+---------+-------+---------+---------+-------
      Total |      66 |       0 |   0.0 |      29 |       0 |   0.0
            +---------+---------+-------+---------+---------+-------
        D:1 |      29 |       0 |   0.0 |      18 |       0 |   0.0
        D:2 |      17 |       0 |   0.0 |       8 |       0 |   0.0
        D:3 |      20 |       0 |   0.0 |       3 |       0 |   0.0
            +---------+---------+-------+---------+---------+-------
